[Event "Late-Titled-Tuesday-Blitz-October-10-2023"]
[Site "Chess.com"]
[Date "2023.10.10"]
[Round "2"]
[White "jup1978"]
[Black "NCchamp"]
[Result "1-0"]
[WhiteElo "2519"]
[BlackElo "2295"]
[TimeControl "180+1"]
[EndTime "14:17:37 PDT"]
[Termination "jup1978 won on time"]

1. c4 c6 2. b3 d5 3. Bb2 Nf6 4. Nf3 Bg4 5. e3 e6 6. h3 Bh5 7. Bd3 Nbd7 8. Qc2 Nc5 9. Be2 Bg6 10.
d3 dxc4 11. bxc4 Nxd3+ 12. Bxd3 Bxd3 13. Qb3 b6 14. Nc3 Qc7 15. Rd1 Bg6 16. O-O Be7 17.
Ne2 O-O 18. Nf4 Be4 19. Be5 Qb7 20. Ng5 Bf5 21. Rfe1 c5 22. Rd2 Rfd8 23. Red1 Rxd2 24. Rxd2 Rd8 25. Qd1 Qa8 26. g4 Bg6 27. Nxg6 hxg6 28.
Bxf6 Bxf6 29. Rxd8+ Bxd8 30. Ne4 Bf6 31. f3 Qc6 32. Kg2 Kh7 33. Qd6 Qa4 34. g5 Qxa2+ 35. Kg3 Ba1 36. Qc7 Qb1 37. Kg2 Qc2+ 38. Nf2 Qf5 39. f4 e5 40. Qxa7 exf4 41. Qxa1 fxe3 42. Ng4 Qe4+ 43. Kg3 e2 44. Qe1 Qd3+ 45. Kg2 Qxc4 46.
Ne5 Qe4+ 47. Nf3 c4 48. Kf2 1-0

[Event "Late-Titled-Tuesday-Blitz-October-10-2023"]
[Site "Chess.com"]
[Date "2023.10.10"]
[Round "2"]
[White "NelsonLinda"]
[Black "Hrant_ChessMood"]
[Result "0-1"]
[WhiteElo "2588"]
[BlackElo "2930"]
[TimeControl "180+1"]
[EndTime "14:17:38 PDT"]
[Termination "Hrant_ChessMood won by resignation"]

1. b3 d5 2. Bb2 c5 3. Nf3 Nc6 4. g3 f6 5. d4 cxd4 6. Nxd4 e5 7. Nxc6 bxc6 8. Bg2 Be6 9. O-O Bc5 10. c4 Ne7 11. cxd5 cxd5 12. Ba3 Bxa3 13. Nxa3 O-O 14. Nc2 Rc8 15.
Rc1 Qa5 16. Ne3 d4 17. Nc4 Bxc4 18. bxc4 Qxa2 19. Qd3 Qa5 20. Ra1 Qc5 21. Rfb1 Kh8 22. Ra4 a6 23. Rba1 Rc7 24. h4 Rfc8 25. Be4 g6 26. h5 f5 27. Bg2 e4 28. Qd2 Qe5 29. hxg6 hxg6 30. c5 Rxc5 31. Rxd4 a5 32. e3 Kg7 33.
Rda4 Rd5 34. Qe1 Rcc5 35. Bf1 Nc6 36. Bc4 Rd6 37. Be2 Nb4 38. Qb1 Rd2 39. Bf1 Rb2 40.
Qd1 Rd5 41. Qc1 Rc2 42. Qb1 Kh6 43. Qb3 Rc3 44. Qb2 Rcc5 45. Kg2 Qxb2 0-1

[Event "Late-Titled-Tuesday-Blitz-October-10-2023"]
[Site "Chess.com"]
[Date "2023.10.10"]
[Round "2"]
[White "GMMikhailKazakov"]
[Black "FERNANDEZL1983"]
[Result "1-0"]
[WhiteElo "2356"]
[BlackElo "2535"]
[TimeControl "180+1"]
[EndTime "14:17:38 PDT"]
[Termination "GMMikhailKazakov won by resignation"]

1. d4 Nf6 2. g3 g6 3. Bg2 Bg7 4. Nf3 O-O 5. O-O d6 6. a4 c6 7. Nc3 Bf5 8. a5 Ne4 9. Nxe4 Bxe4 10. c3 Na6 11. Re1 d5 12. Bh3 Bxf3 13. exf3 e6 14.
Bf1 Qc7 15. h4 c5 16. dxc5 Nxc5 17. h5 b6 18. axb6 axb6 19. Bf4 Qc6 20. Qe2 Rfe8 21. hxg6 hxg6 22. Qb5 Qxb5 23. Bxb5 Rec8 24. Be3 Nb3 25. Rxa8 Rxa8 26. Bd3 Ra2 27. Rb1 Bf8 28. Bc2 Nc5 29. Bd1 Nd3 30. Bxb6 Rxb2 31. Rxb2 Nxb2 32. Bb3 Bg7 33. Bd4 Bxd4 34. cxd4 Nd3 35. Kf1 Kf8 36. Bc2 Nb4 37. Ba4 Ke7 38. Ke2 Na6 39. f4 Nc7 40.
Ke3 Kd6 41. Kd3 Na8 42. Kc3 Nb6 43. Be8 Ke7 44. Bb5 Nc8 45. Kb4 Nd6 46. Bd3 Kd7 47. Kc3 Kc6 48. f3 f6 49. Bxg6 f5 50. Kd3 Nb5 51.
g4 fxg4 52. fxg4 Kd6 53. g5 Ke7 54. Bh5 Nd6 55. Bg4 Ne8 56. Ke3 Ng7 57. Kd3 Ne8 58. Kc3 Nd6 59. Kb4 Nb7 60. f5 exf5 61. Bxf5 Nd6 62.
Bd3 Nf7 63. g6 Ng5 64. Kc5 Ne6+ 65. Kxd5 Nf4+ 66. Kc4 Kf6 67. Bb1 Ne6 68. d5 Nf8 69. Kc5 Nd7+ 70. Kd6 Ne5 71. Kc7 1-0

[Event "Late-Titled-Tuesday-Blitz-October-10-2023"]
[Site "Chess.com"]
[Date "2023.10.10"]
[Round "2"]
[White "koncheto"]
[Black "Witty_Alien"]
[Result "1-0"]
[WhiteElo "2491"]
[BlackElo "2216"]
[TimeControl "180+1"]
[EndTime "14:17:39 PDT"]
[Termination "koncheto won on time"]

1. e4 c5 2. Nf3 d6 3. d4 cxd4 4. Nxd4 Nf6 5. f3 e5 6. Nb3 d5 7. Bg5 d4 8. c3 Nc6 9. Bb5 Be7 10.
cxd4 exd4 11. Qxd4 Bd7 12. Bxc6 Bxc6 13. Qxd8+ Rxd8 14. Nc3 b5 15. O-O b4 16. Ne2 Bb5 17. Kf2 a5 18.
Be3 a4 19. Nbd4 Bd7 20. Rac1 O-O 21. Nc6 Bxc6 22. Rxc6 Rd3 23. Rfc1 a3 24. bxa3 Rxa3 25. R1c2 h6 26. Nd4 Re8 27. Nf5 Bf8 28. Nxh6+ Kh7 29. Nxf7 Kg6 30. Nd6 Re6 31. Nb5 Rxa2 32. Rxa2 Rxc6 33.
Rb2 Nd7 34. Nd4 Rc4 35. Nc2 Ne5 36. Ke2 b3 37. Nd4 Bc5 38. Nxb3 Bxe3 39. Kxe3 Rb4 40. Rb1 Nc4+ 41. Kf4 Na5 42. Nd2 Rxb1 43. Nxb1 Nc4 44.
Nc3 Kh5 45. Kg3 g5 46. Nd5 Ne3 47. Nxe3 1-0

[Event "Late-Titled-Tuesday-Blitz-October-10-2023"]
[Site "Chess.com"]
[Date "2023.10.10"]
[Round "2"]
[White "Ali_rastbod"]
[Black "schack_vit"]
[Result "1-0"]
[WhiteElo "2744"]
[BlackElo "2462"]
[TimeControl "180+1"]
[EndTime "14:17:41 PDT"]
[Termination "Ali_rastbod won by resignation"]

1. e4 c5 2. Nf3 d6 3. Bb5+ Nd7 4. c4 Nf6 5. Nc3 g6 6. d3 Bg7 7. h3 O-O 8. Ba4 e6 9. Bf4 Nb6 10. Bb3 a6 11. O-O d5 12. Qe2 d4 13.
Nb1 Qe7 14. a4 Nh5 15. Bh2 e5 16. a5 Nd7 17. Ba4 Nb8 18. Na3 Nc6 19. Bxc6 bxc6 20.
Nc2 Bd7 21. Ra3 Rab8 22. b3 Rb7 23. Rb1 f6 24. Qd2 g5 25. b4 cxb4 26. Rxb4 Rxb4 27. Nxb4 c5 28. Nd5 Qd6 29. Nxg5 fxg5 30. Qxg5 Nf4 31. Bxf4 exf4 32. Rb3 h6 33. Qh5 f3 34. Rb6 Qe5 35.
Qxe5 Bxe5 36. Rxa6 Rb8 37. Nb6 Be6 38. Ra7 fxg2 39.
Re7 Bxh3 40. Rxe5 Rb7 41. Rxc5 Ra7 42. Rh5 Bg4 43. Rxh6 Kf7 44. Rh7+ 1-0

[Event "Late-Titled-Tuesday-Blitz-October-10-2023"]
[Site "Chess.com"]
[Date "2023.10.10"]
[Round "2"]
[White "TheMagician"]
[Black "djano"]
[Result "0-1"]
[WhiteElo "2209"]
[BlackElo "2673"]
[TimeControl "180+1"]
[EndTime "14:17:42 PDT"]
[Termination "djano won by checkmate"]

1. d4 Nf6 2. c4 g6 3. Nc3 Bg7 4. e4 d6 5. f3 a6 6. Be3 O-O 7.
Qd2 b5 8. cxb5 axb5 9. Bxb5 c6 10. Bd3 Nbd7 11. Nge2 c5 12. dxc5 Nxc5 13. Bxc5 dxc5 14. Bc4 Qb6 15. O-O Qb4 16. b3 Bb7 17. Rad1 e6 18. Qc2 h5 19. Rd3 h4 20. Rfd1 Nh5 21. a4 Be5 22. Nb5 Qa5 23. Qd2 Qb6 24. Qg5 Bf6 25. Qe3 Kg7 26. Rd6 Qa5 27. Qxc5 Rfd8 28. e5 Be7 29. Qd4 Bxd6 30. exd6+ Kg8 31. Nf4 Nxf4 32. Qxf4 Bc6 33. Qxh4 Bxb5 34. axb5 Qb6+ 35. Qd4 Rxd6 36. Qxb6 Rxb6 37. Rd2 Kg7 38. h4 Kf6 39. g3 Ke5 40. Kg2 Ra1 41. f4+ Ke4 42. Rd7 f6 43. Rg7 Rd6 44. g4 Kxf4 45. Rxg6 Rd2+ 46. Kh3 Rh1# 0-1

[Event "Late-Titled-Tuesday-Blitz-October-10-2023"]
[Site "Chess.com"]
[Date "2023.10.10"]
[Round "2"]
[White "falzehope0"]
[Black "luizzy"]
[Result "1-0"]
[WhiteElo "2352"]
[BlackElo "2550"]
[TimeControl "180+1"]
[EndTime "14:17:42 PDT"]
[Termination "falzehope0 won on time"]

1. d4 d6 2. e3 Nf6 3. Bd3 g6 4. f4 Nc6 5. c3 e5 6. Ne2 Bg7 7.
O-O O-O 8. Ng3 Re8 9. f5 e4 10. Bc4 d5 11. Bb3 h5 12. fxg6 fxg6 13. Nh1 Na5 14.
Nf2 Qd6 15. Na3 c6 16. c4 a6 17. Bd2 Nxb3 18. Qxb3 Bh6 19. Rae1 Kg7 20. cxd5 cxd5 21. Bb4 Qe6 22. Bc5 Nd7 23. Bb4 b5 24. Ba5 Bb7 25. Nc2 Rac8 26. Nb4 Rc4 27. Nh3 Qg4 28. Nf4 Nf6 29. Rf2 g5 30. Ne2 Qd7 31.
Ng3 Ng4 32. Nf5+ Kg6 33. Rff1 Re6 34. Qd1 Rf6 35. Nxh6 Kxh6 36. h3 Rxf1+ 37. Kxf1 Nxe3+ 38. Rxe3 Qf5+ 39. Kg1 Qf6 40. b3 Rxd4 41. Qe2 Qd6 42. Nc2 Rd3 43. Rxd3 exd3 44. Qxd3 d4 45. Qxd4 Qg6 46.
Bc3 g4 47. h4 1-0

[Event "Late-Titled-Tuesday-Blitz-October-10-2023"]
[Site "Chess.com"]
[Date "2023.10.10"]
[Round "2"]
[White "IamSchrodingersCat"]
[Black "miraitrunks"]
[Result "0-1"]
[WhiteElo "2511"]
[BlackElo "2230"]
[TimeControl "180+1"]
[EndTime "14:17:43 PDT"]
[Termination "miraitrunks won by resignation"]

1. e4 c5 2. Nf3 Nc6 3. d4 cxd4 4. Nxd4 e5 5. Nb5 a6 6. Nd6+ Bxd6 7. Qxd6 Qf6 8. Qd1 Nge7 9. c4 O-O 10. Nc3 Nd4 11.
Be2 d6 12. O-O Qg6 13. Kh1 f5 14. exf5 Bxf5 15. Be3 Nc2 16. Rc1 Nxe3 17. fxe3 Rad8 18. Bf3 Bd3 19. Nd5 Nxd5 20. Bxd5+ Kh8 21. Rxf8+ Rxf8 22.
Qd2 e4 23. Kg1 h6 24. b4 b6 25. a3 Qf6 26. h3 Qh4 27. a4 Rf6 28. a5 bxa5 29. bxa5 Rg6 30. Kh1 Rf6 31. Kg1 Qg3 32. Bb7 Rg6 33. Kh1 h5 34. Bxa6 d5 35. Bb5 d4 36. Rg1 dxe3 37. Qe1 Qf2 38. a6 Qa2 39. Qxe3 Bf1 40. Qc5 Bxg2+ 41. Kh2 Bf3+ 0-1

[Event "Late-Titled-Tuesday-Blitz-October-10-2023"]
[Site "Chess.com"]
[Date "2023.10.10"]
[Round "2"]
[White "ThaBarWa"]
[Black "FaustinoOro"]
[Result "1/2-1/2"]
[WhiteElo "2417"]
[BlackElo "2878"]
[TimeControl "180+1"]
[EndTime "14:17:45 PDT"]
[Termination "Game drawn by repetition"]

1. d4 Nf6 2. c4 e6 3. Nc3 Bb4 4. g3 O-O 5. Bg2 c5 6. Nf3 Nc6 7. O-O d5 8. a3 Bxc3 9. bxc3 dxc4 10. dxc5 Qa5 11. a4 Rd8 12. Qc2 Qxc5 13. Ba3 Qh5 14. Rad1 Bd7 15. Bd6 Be8 16. Qb2 Ne4 17. Qxb7 Nxc3 18. Rd2 Na5 19. Qe7 Bxa4 20. Ne5 Nd5 21.
Rxd5 exd5 22. Bxd5 Rd7 23. Nxd7 Qxd5 24. Nb8 h6 25.
Nd7 Bc6 26. f3 c3 27. Ne5 Re8 28. Qc7 c2 29. Nxf7 Qxf7 30. Qxa5 Rxe2 31. Qc5 Bxf3 32. Qc8+ Kh7 33. Qc3 Rg2+ 34. Kh1 Rxh2+ 35. Kxh2 Qh5+ 36.
Kg1 Qh1+ 37. Kf2 Qg2+ 38. Ke3 Qxf1 39. Qxc2+ Kg8 40. Qc8+ Kh7 41. Qf5+ Kg8 42. Qc8+ Kf7 43. Qf5+ Kg8 44. Qc8+ 1/2-1/2

[Event "Late-Titled-Tuesday-Blitz-October-10-2023"]
[Site "Chess.com"]
[Date "2023.10.10"]
[Round "2"]
[White "mbojan"]
[Black "2346PL"]
[Result "1-0"]
[WhiteElo "2770"]
[BlackElo "2531"]
[TimeControl "180+1"]
[EndTime "14:17:49 PDT"]
[Termination "mbojan won by checkmate"]

1. Nf3 d6 2. e4 Nf6 3. c3 c6 4.
d3 e5 5. Be2 g6 6. O-O Bg7 7.
Qc2 O-O 8. Nbd2 Nh5 9. Re1 f5 10. b4 a6 11. a4 f4 12. d4 Kh8 13. dxe5 dxe5 14. Nc4 Nd7 15. Nd6 Qe7 16. Rd1 g5 17. h3 h6 18. c4 Nhf6 19. c5 Ne8 20.
Nf5 Rxf5 21. exf5 e4 22. Nd4 Ndf6 23. Bb2 Nd5 24. b5 Bd7 25. bxc6 bxc6 26. Rab1 Nec7 27. Ba1 Rf8 28. Rb7 f3 29. gxf3 exf3 30. Bxf3 Nf4 31. Rxc7 Nxh3+ 32. Kf1 g4 33. Bxg4 Nf4 34. Ne6 Qh4 35.
Bxg7+ Kg8 36. Qe4 Qxg4 37. Rdxd7 Rb8 38. Bb2 Qh3+ 39. Ke1 Ng2+ 40. Qxg2+ Qxg2 41. Rg7+ Qxg7 42. Rxg7+ Kh8 43. Be5 Rb1+ 44. Ke2 Rc1 45. Rg6+ Kh7 46. Nf8# 1-0

[Event "Late-Titled-Tuesday-Blitz-October-10-2023"]
[Site "Chess.com"]
[Date "2023.10.10"]
[Round "2"]
[White "THE_PLAYER6"]
[Black "baki83"]
[Result "1-0"]
[WhiteElo "2584"]
[BlackElo "2813"]
[TimeControl "180+1"]
[EndTime "14:17:52 PDT"]
[Termination "THE_PLAYER6 won on time"]

1. d4 Nf6 2. c4 g6 3. Nc3 d5 4.
cxd5 Nxd5 5. e4 Nxc3 6. bxc3 c5 7. Nf3 Bg7 8. Bb5+ Bd7 9. Be2 cxd4 10. cxd4 O-O 11.
O-O Nc6 12. Rb1 b6 13. d5 Na5 14. Bd2 Nb7 15. Be3 Bg4 16. h3 Bxf3 17. Bxf3 Nd6 18. Bf4 Nc4 19. Be2 Rc8 20. Bg3 Qd7 21. Qd3 Nb2 22.
Qb3 Rc3 23. Qb4 Nd3 24. Bxd3 Rxd3 25. Rfc1 e5 26. Rc4 f5 27. Rbc1 fxe4 28. Rc7 Qd8 29. Rxa7 e3 30. Rcc7 Bh6 31. fxe3 Qxd5 32. Qe7 Qf7 33. Qxf7+ Rxf7 34. Rxf7 Bxe3+ 35. Bf2 Rd1+ 36. Kh2 Bf4+ 37. Bg3 Be3 38. Rg7+ Kf8 39. h4 Bg1+ 40. Kh3 b5 41. Raf7+ Ke8 42. Re7+ Kf8 43. Bxe5 Bc5 44. Rc7 h5 45. Rc8+ 1-0

[Event "Late-Titled-Tuesday-Blitz-October-10-2023"]
[Site "Chess.com"]
[Date "2023.10.10"]
[Round "2"]
[White "ozates"]
[Black "NigelDwarf"]
[Result "0-1"]
[WhiteElo "2765"]
[BlackElo "2548"]
[TimeControl "180+1"]
[EndTime "14:17:53 PDT"]
[Termination "NigelDwarf won by checkmate"]

1. e4 c5 2. Nc3 a6 3. g3 b5 4. Bg2 Bb7 5. Nge2 e6 6. d4 cxd4 7. Nxd4 Nf6 8. O-O b4 9. Na4 Bxe4 10. Bxe4 Nxe4 11. Re1 Nc5 12. c4 bxc3 13. Nxc3 Be7 14. b4 Nb7 15. Nd5 O-O 16. Nxe7+ Qxe7 17. Bb2 Nd6 18. Rc1 Ra7 19. Qg4 f5 20. Qf4 Rb7 21.
a3 Ne4 22. Nb3 Nc6 23. f3 Ng5 24. Kg2 Nf7 25. Nc5 Rb5 26. Rcd1 Rd8 27. Qc7 Rxc5 28. bxc5 Rb8 29. Bc3 Qxc5 30. Rd3 Qc4 31. Qxd7 Rd8 32. Qxd8+ Nfxd8 33. Red1 Kf7 34. Rd7+ Ke8 35. Bb2 Qc2+ 36. R1d2 Qb3 37. Rxg7 Nf7 38. Rg8+ Ke7 39. Ba1 Nce5 40. Bxe5 Nxe5 41. Rgd8 Qxf3+ 42. Kg1 Ng4 43. R8d7+ Kf6 44. Rxh7 Qe3+ 45. Kg2 Qxd2+ 46. Kf3 Qf2# 0-1

[Event "Late-Titled-Tuesday-Blitz-October-10-2023"]
[Site "Chess.com"]
[Date "2023.10.10"]
[Round "2"]
[White "mac0504"]
[Black "Jarming"]
[Result "1-0"]
[WhiteElo "2553"]
[BlackElo "2762"]
[TimeControl "180+1"]
[EndTime "14:17:53 PDT"]
[Termination "mac0504 won by checkmate"]

1. d4 Nf6 2. Nf3 g6 3. Bf4 Bg7 4. Qd2 d6 5. Bh6 Ne4 6. Qe3 Bxh6 7. Qxh6 e6 8. Nbd2 Nxd2 9. Nxd2 Nd7 10. O-O-O d5 11. h4 Qf6 12. Nf3 c5 13. e3 a6 14. h5 gxh5 15. Rxh5 Qxh6 16. Rxh6 Kf8 17. Bd3 Kg7 18. Rdh1 Nf8 19. c3 c4 20. Bc2 f6 21.
R6h3 Bd7 22. Rg3+ Ng6 23. Nh4 Be8 24. f4 f5 25. Nf3 Bf7 26. Ne5 Kf6 27. Rgh3 Nxe5 28.
fxe5+ Kg7 29. g4 Bg6 30. gxf5 exf5 31. Kd2 Raf8 32. Rh4 b5 33. Bd1 Re8 34. Bf3 Rd8 35. a4 bxa4 36. Ra1 Rb8 37. Kc1 Rb6 38. Bxd5 Rhb8 39.
Rh2 Rf8 40. Rxa4 f4 41. exf4 Rxf4 42. Bxc4 Rg4 43. Rb4 Rxb4 44. cxb4 Rxd4 45. Bxa6 Rxb4 46. Be2 Re4 47. Bd1 Rxe5 48. Kd2 h5 49. b4 Kh6 50. Kc3 Kg5 51. Bb3 h4 52. Bc4 Be4 53. b5 Kg4 54. Kd4 Re7 55. Re2 Kf3 56. Re3+ Kf4 57.
Bd5 Bxd5 58. Rxe7 Bg2 59. b6 h3 60. Rh7 Kg3 61. Rg7+ Kf2 62. Rh7 Kg1 63. b7 h2 64.
b8=Q h1=Q 65. Rxh1+ Kxh1 66. Qg3 Kg1 67. Ke3 Kf1 68.
Qf2# 1-0

[Event "Late-Titled-Tuesday-Blitz-October-10-2023"]
[Site "Chess.com"]
[Date "2023.10.10"]
[Round "2"]
[White "AlexandraBotez"]
[Black "ErikRonka"]
[Result "1-0"]
[WhiteElo "2289"]
[BlackElo "2497"]
[TimeControl "180+1"]
[EndTime "14:17:54 PDT"]
[Termination "AlexandraBotez won on time"]

1. d4 d5 2. Nf3 Nf6 3. Bf4 c5 4. e3 Nc6 5. c3 Qb6 6. Qc1 Bf5 7. Nbd2 e6 8. Be2 h6 9. O-O Be7 10. h3 O-O 11. Ne5 Rac8 12. dxc5 Bxc5 13. Nb3 Be7 14.
Bd3 Bxd3 15. Nxd3 Rfe8 16. Ne5 a5 17. Qd2 Ne4 18. Qe2 a4 19. Nd4 Nxe5 20. Bxe5 f6 21. Bh2 a3 22. Rab1 Bf8 23. f3 Nd6 24. bxa3 Qa7 25. Bxd6 Bxd6 26. Nb5 Qa6 27. Rb3 Be5 28. Qb2 Bb8 29. Rc1 Rc4 30. Nd4 Qd6 31. f4 e5 32.
Nf5 Qe6 33. Rxb7 Bc7 34. Qb1 Re4 35. Nxh6+ gxh6 36. Rxc7 exf4 37. exf4 Qf5 38. Rf1 Kh8 39. Qb7 Rg8 40. Rd7 Re2 41. Rf2 Re1+ 42. Kh2 Rd1 43. Rf7 Qg6 44. g4 h5 45. Qe7 hxg4 46. hxg4 Qh6+ 47.
Kg3 1-0

[Event "Late-Titled-Tuesday-Blitz-October-10-2023"]
[Site "Chess.com"]
[Date "2023.10.10"]
[Round "2"]
[White "Verony64"]
[Black "Chesstrainer1"]
[Result "0-1"]
[WhiteElo "2199"]
[BlackElo "2462"]
[TimeControl "180+1"]
[EndTime "14:17:54 PDT"]
[Termination "Chesstrainer1 won by resignation"]

1. e4 c5 2. Nc3 a6 3. d3 b5 4. g3 Bb7 5. Bg2 e6 6. f4 d5 7. e5 Nc6 8. Nf3 Nh6 9. h3 Nf5 10.
g4 Nh4 11. O-O Nxg2 12. Kxg2 b4 13. Ne2 h5 14. g5 Ne7 15. d4 h4 16. c3 Nf5 17. Nh2 Qb6 18. Ng4 a5 19. Ne3 g6 20. Nxf5 gxf5 21. Be3 c4 22. Ng1 bxc3 23. bxc3 Qb2+ 24. Qd2 Qxd2+ 25. Bxd2 Bc6 26. Rab1 Kd7 27. Nf3 Be7 28. Be1 Rab8 29. Bxh4 Ba4 30. Rfc1 Ba3 31.
Rg1 Bb2 32. Be1 Bc2 33. Bd2 Bxb1 34. Rxb1 Ba3 35. Rh1 Rb2 36. Kg3 Rxa2 37. h4 Rc2 38. h5 Bb2 39. g6 Rg8 40. Ng5 fxg6 41. h6 Ke7 42. h7 Rh8 43. Rh6 Rxd2 44. Rxg6 Bxc3 45. Rxe6+ Kd7 46. Rg6 Bxd4 47. e6+ Ke7 48. Rg8 a4 49. Nf3 Rd3 50. Kg2 Rxf3 51. Kxf3 a3 52. Rg2 Bb2 53. Rh2 Kxe6 54. Rxb2 axb2 0-1

[Event "Late-Titled-Tuesday-Blitz-October-10-2023"]
[Site "Chess.com"]
[Date "2023.10.10"]
[Round "2"]
[White "Orest_Vovk"]
[Black "IlanSchnaider"]
[Result "0-1"]
[WhiteElo "2533"]
[BlackElo "2789"]
[TimeControl "180+1"]
[EndTime "14:17:55 PDT"]
[Termination "IlanSchnaider won on time"]

1. h4 e5 2. h5 d5 3. h6 Nxh6 4. d4 e4 5. Bxh6 gxh6 6. e3 Rg8 7. c4 c6 8. Qb3 Qb6 9. Nc3 Be6 10. cxd5 cxd5 11.
Bb5+ Nc6 12. Nge2 Bd6 13. g3 O-O-O 14. Bxc6 bxc6 15. Qxb6 axb6 16. Rxh6 Bf5 17. Nf4 Rg7 18. Kd2 Kb7 19. a3 Be7 20. b4 Bg5 21. Rhh1 Bg4 22.
a4 Bf3 23. Rhc1 h5 24. a5 Bxf4 25. exf4 b5 26. Nxb5 cxb5 27. Rc5 Ka6 28. Rc6+ Ka7 29. Rc7+ Kb8 30. Rc5 Rg6 31. Rxb5+ Ka7 32. Rc5 Rb8 33. b5 Rb7 34. b6+ Ka6 35. Rc8 h4 36.
gxh4 Bg4 37. Ra8+ Kb5 38. Rb1+ Ka4 39. Ra1+ Kb5 40. Rb1+ Ka4 41. Ra1+ Kb4 42. Rb1+ Kc4 43. Ke3 Rc6 44. Rc1+ Kb5 45. Rxc6 Kxc6 0-1

[Event "Late-Titled-Tuesday-Blitz-October-10-2023"]
[Site "Chess.com"]
[Date "2023.10.10"]
[Round "2"]
[White "chosenpr"]
[Black "ExchangeAB"]
[Result "0-1"]
[WhiteElo "2249"]
[BlackElo "2503"]
[TimeControl "180+1"]
[EndTime "14:17:56 PDT"]
[Termination "ExchangeAB won on time"]

1. e4 c6 2. d4 d5 3. exd5 cxd5 4.
Bd3 Nf6 5. c3 Nc6 6. Bf4 Bg4 7.
Qb3 Qd7 8. Nd2 e6 9. Ngf3 Bd6 10. Bg3 O-O 11. O-O Bxf3 12. Nxf3 Bxg3 13. hxg3 Rab8 14.
Rfe1 Na5 15. Qc2 b5 16. Ne5 Qc7 17. g4 g6 18. g5 Nd7 19. Qe2 Nxe5 20. dxe5 b4 21.
cxb4 Rxb4 22. b3 Qe7 23. Qd2 Rfb8 24. Rac1 Nb7 25. Re3 Nc5 26. Rh3 Rd4 27. Qc3 Rxd3 28. Qxc5 Qxc5 29. Rxc5 Rd1+ 30. Kh2 Rd2 31. Ra5 Rb7 32.
f4 Rc7 33. Rg3 Rcc2 34. Rxa7 Rxa2 35. Rxa2 Rxa2 36. Rd3 Rb2 37. Kg3 Kf8 38. Kf3 Ke7 39. g3 Kd7 40. Ke3 Kc6 41. Kd4 Kb5 42. Kc3 Rg2 43.
b4 Rg1 44. Kd2 Kxb4 45. Rd4+ Kc5 46. Ra4 Rxg3 47. Ra7 Kd4 48. Rxf7 Rg2+ 49. Ke1 Ke3 50. Kf1 Rf2+ 51. Kg1 d4 0-1

[Event "Late-Titled-Tuesday-Blitz-October-10-2023"]
[Site "Chess.com"]
[Date "2023.10.10"]
[Round "2"]
[White "Chessdreamer2020"]
[Black "Kiborg95"]
[Result "0-1"]
[WhiteElo "2540"]
[BlackElo "2813"]
[TimeControl "180+1"]
[EndTime "14:17:57 PDT"]
[Termination "Kiborg95 won by resignation"]

1. e4 d6 2. d4 Nf6 3. Nc3 Nbd7 4. Nge2 e5 5. h3 h5 6. g3 c6 7. a4 b6 8. Bg2 a6 9. O-O Bb7 10. f4 Be7 11. Be3 Qc7 12. Qd2 O-O 13. Rad1 Rfe8 14. Kh2 b5 15. axb5 axb5 16. dxe5 dxe5 17. b3 b4 18. Na4 c5 19. fxe5 Nxe5 20. Rxf6 Bxf6 21. Nxc5 Rad8 22. Qe1 Bc8 23. Nf4 h4 24. Rxd8 Qxd8 25. Nd5 hxg3+ 26. Qxg3 Bh4 27. Qf4 Ng6 28. Qc7 Qxc7+ 29.
Nxc7 Rd8 30. Nd5 Be7 31. Nxb4 Bd6+ 32. Kg1 Nf4 33. Nd5 Nxh3+ 34. Kf1 g5 35. c4 Nf4 36. b4 Nxg2 37. Kxg2 f5 38. exf5 Bxf5 39. Nb7 Be4+ 40. Kg1 Bxd5 41. Nxd8 Bxc4 42. Nc6 g4 43. Kf2 g3+ 44. Kg1 Kf7 45. Nd4 Kf6 46. Nf5 Kxf5 47. Bd4 Ke4 48. Bc3 Kf3 49. Be1 g2 50. Bf2 Bxb4 51. Bd4 Bd5 52. Bb6 Bd2 53. Bd4 Be3+ 54. Bxe3 Kxe3 55. Kh2 Kf2 56. Kh3 g1=Q 0-1

[Event "Late-Titled-Tuesday-Blitz-October-10-2023"]
[Site "Chess.com"]
[Date "2023.10.10"]
[Round "2"]
[White "Thormento16"]
[Black "DrCeltic"]
[Result "1-0"]
[WhiteElo "2263"]
[BlackElo "2484"]
[TimeControl "180+1"]
[EndTime "14:17:58 PDT"]
[Termination "Thormento16 won by checkmate"]

1. d4 d5 2. c4 c6 3. Nf3 Nf6 4. cxd5 cxd5 5. Nc3 Nc6 6. e3 Bg4 7. Qb3 Qb6 8. Nxd5 Nxd5 9. Qxd5 e6 10. Qb5 Bxf3 11. gxf3 Bb4+ 12. Bd2 Bxd2+ 13. Kxd2 Qc7 14. Rc1 O-O 15. Bd3 Rad8 16. Rhg1 Rd5 17. Qb3 Qxh2 18. Ke2 Qc7 19. Be4 Rh5 20. Rh1 Rxh1 21. Rxh1 g6 22. f4 Na5 23. Qb5 a6 24. Qg5 f5 25. Bd3 b5 26. Qh4 Nb7 27. a3 Nd6 28. f3 Nc4 29.
Rc1 Qb7 30. a4 Kg7 31. axb5 axb5 32. Rc2 Rf7 33. b3 Na5 34. Qe1 Nc6 35. Qc3 Ne7 36. d5+ Kg8 37. dxe6 Rf8 38. Qc7 Qxc7 39. Rxc7 Nd5 40.
Rb7 Re8 41. Bxb5 Nc3+ 42. Kd3 Nxb5 43. Rxb5 Rxe6 44. Rb7 h5 45. b4 h4 46. b5 h3 47. Ra7 Rb6 48. Kc4 Re6 49. Ra2 Rxe3 50. b6 Re1 51. Rb2 Rc1+ 52. Kd5 h2 53. b7 h1=Q 54.
b8=Q+ Kg7 55. Rb7+ Kf6 56. Qf8# 1-0

[Event "Late-Titled-Tuesday-Blitz-October-10-2023"]
[Site "Chess.com"]
[Date "2023.10.10"]
[Round "2"]
[White "ural58"]
[Black "rookoco"]
[Result "1-0"]
[WhiteElo "2520"]
[BlackElo "2740"]
[TimeControl "180+1"]
[EndTime "14:17:59 PDT"]
[Termination "ural58 won on time"]

1. e4 c5 2. Nf3 d6 3. Bb5+ Nd7 4. a4 Nf6 5. Nc3 e6 6. d4 cxd4 7. Qxd4 Be7 8. e5 dxe5 9. Nxe5 O-O 10. Nxd7 Bxd7 11.
Be3 Qc8 12. Bxd7 Nxd7 13. O-O-O Nb6 14. a5 Nc4 15. Qd7 Bf6 16. Qxc8 Rfxc8 17. Bd4 Bxd4 18.
Rxd4 Nxa5 19. Rhd1 Kf8 20. Rd7 Ke8 21. Nb5 Nb3+ 22.
Kb1 Nc5 23. Nc7+ Kf8 24. Nxa8 Nxd7 25. Rxd7 Rxa8 26. Rxb7 a5 27. Ka2 Rd8 28. c4 Rd2 29. c5 Rc2 30. Rb5 Rxf2 31. Kb3 Rxg2 32. Ka4 Rc2 33.
Kxa5 e5 34. Kb6 e4 35. c6 e3 36. b4 f6 37. Rc5 Rxc5 38. bxc5 e2 39. c7 e1=Q 40.
c8=Q+ Ke7 41. Qb7+ Ke6 42. Qxg7 Qb4+ 43. Kc6 Qe4+ 44.
Kc7 Qf4+ 45. Kb6 Kd5 46. Qd7+ Ke5 47. Qc7+ Kf5 48. Qxf4+ Kxf4 49. c6 f5 50. c7 Kg4 51.
c8=Q 1-0

[Event "Late-Titled-Tuesday-Blitz-October-10-2023"]
[Site "Chess.com"]
[Date "2023.10.10"]
[Round "2"]
[White "EsmeraldasAnderson03"]
[Black "GoltsevDmitry2000"]
[Result "1/2-1/2"]
[WhiteElo "2447"]
[BlackElo "2697"]
[TimeControl "180+1"]
[EndTime "14:18:02 PDT"]
[Termination "Game drawn by stalemate"]

1. d4 Nf6 2. c4 e6 3. Nc3 Bb4 4. f3 b6 5. a3 Bxc3+ 6. bxc3 d5 7. e3 Bb7 8. Bd3 Nbd7 9. Ne2 e5 10. cxd5 Bxd5 11.
e4 Bb7 12. d5 Nc5 13. O-O O-O 14. Bg5 h6 15. Bh4 Qd6 16. Bf2 Nfd7 17. Ng3 g6 18. Be3 Kh7 19. a4 a5 20. Bb5 f5 21.
exf5 gxf5 22. Qc2 Bxd5 23. Nxf5 Qg6 24. g4 e4 25. Ne7 Qe6 26. Nxd5 Qxd5 27. Rad1 Qe6 28.
Bxd7 Nxd7 29. Qxe4+ Qxe4 30. Rxd7+ Kg6 31. fxe4 Rxf1+ 32. Kxf1 Re8 33. Rxc7 Rxe4 34. Bxb6 Rxg4 35. Bd4 Kf5 36.
Rc5+ Ke4 37. Rh5 Rg6 38. Rxa5 Kd3 39. Rh5 Kc4 40. a5 Re6 41. Kf2 Kd3 42. Kf3 Kc4 43.
Re5 Rg6 44. h4 Rf6+ 45. Ke4 Rf1 46. Rc5+ Kb3 47. h5 Rf7 48. a6 Re7+ 49. Kd5 Rf7 50. a7 Rf8 51. Rb5+ Kc2 52. Rb8 Rf5+ 53. Ke4 Rf7 54. a8=Q Re7+ 55. Kd5 Re2 56. Qa2+ Kc1 57. Qxe2 1/2-1/2

[Event "Late-Titled-Tuesday-Blitz-October-10-2023"]
[Site "Chess.com"]
[Date "2023.10.10"]
[Round "2"]
[White "cthake"]
[Black "KorolDimitriy75"]
[Result "0-1"]
[WhiteElo "1963"]
[BlackElo "2415"]
[TimeControl "180+1"]
[EndTime "14:18:04 PDT"]
[Termination "KorolDimitriy75 won by resignation"]

1. c4 c5 2. Nc3 g6 3. g3 Bg7 4.
Bg2 Nc6 5. e4 d6 6. d3 e6 7. Nge2 Nge7 8. O-O O-O 9. Be3 Nd4 10.
Qd2 Nec6 11. Bh6 a6 12. Bxg7 Kxg7 13. Nxd4 Nxd4 14. Ne2 Qf6 15. f4 Rb8 16. Nxd4 Qxd4+ 17. Kh1 b5 18. cxb5 Rxb5 19. b3 Bd7 20. Rac1 Rb4 21.
Qc3 Qxc3 22. Rxc3 a5 23. e5 dxe5 24. Rxc5 exf4 25. Rxf4 Rxf4 26. gxf4 a4 27. Kg1 axb3 28.
axb3 Rb8 29. Rc3 Rb4 30. Be4 Kf8 31. Rc7 Ke8 32. Rb7 Rxb7 33. Bxb7 Ke7 34. Kf2 Kd6 35. Ke3 Kc5 36. Ba6 Bc6 37. Bc4 Bd5 38. h4 f6 39. d4+ Kd6 40. Kd3 Bc6 41. Kc3 h6 42. b4 g5 43. fxg5 fxg5 44. hxg5 hxg5 45.
Bf1 g4 46. b5 Bd5 47. Kd2 g3 48. Kc3 g2 49. Bxg2 Bxg2 50. Kb4 Bd5 51. Ka5 Kc7 52.
b6+ Kb7 53. Kb5 Bc6+ 54. Kc5 Bd5 55. Kb5 Bf3 56. Kc5 Be4 57. Kb5 Bd5 58. Kc5 Ka6 59. Kd6 Kxb6 60. Ke5 Kb5 61. Kf4 Kc4 62. Ke3 Kc3 63. Ke2 Kxd4 64. Kd2 e5 65. Ke1 e4 66. Ke2 e3 67. Kd1 Bc4 68. Ke1 Kd3 69. Kd1 e2+ 70. Ke1 Bb5 71. Kf2 Kd2 0-1